 Dungeon Crawl Stone Soup version 0.28-b1-25-g9875b3fc8c (webtiles) character file.

Game seed: 12960131591828977123

268 GordonOverkill the Conjurer (level 6, -2/39 HPs)
             Began as an Octopode Hedge Wizard on Jan 31, 2022.
             Was a Believer of Lugonu.
             Slain by an ice beast (5 damage)
             ... on level 5 of the Dungeon.
             The game lasted 00:07:14 (5989 turns).

GordonOverkill the Conjurer (Octopode Hedge Wizard) Turns: 5989, Time: 00:07:14

Health: -2/39      AC:  1    Str: 10    XL:     6   Next: 21%
Magic:  3/11       EV: 13    Int: 18    God:    Lugonu [**....]
Gold:   178        SH:  0    Dex: 11    Spells: 7/12 levels left

rFire   . . .      SeeInvis .   g - +0 spear
rCold   . . .      Faith    .   (no shield)
rNeg    . . .      Spirit   .   b - +0 hat
rPois   .          Reflect  .   (no amulet)
rElec   .          Harm     .   (no ring)
rCorr   .          Rampage  .   (no ring)
Will    .....                   (no ring)
Stlth   +++.......              (no ring)
HPRegen 0.13/turn               (no ring)
MPRegen 0.12/turn               (no ring)
                                (no ring)
                                (no ring)

@: no status effects
A: almost no armour, amphibious, 8 rings, camouflage 1, gelatinous body 1,
(nimble swimmer 1), tentacles
a: Renounce Religion, Depart the Abyss, Bend Space


You were on level 5 of the Dungeon.
You worshipped Lugonu.
Lugonu was pleased with you.
You visited 1 branch of the dungeon, and saw 5 of its levels.

You collected 178 gold pieces.

Inventory:

Hand Weapons
 g - a +0 spear (weapon)
Missiles
 k - 4 javelins
Armour
 b - a +0 hat (worn)
Jewellery
 n - a ring of flight
Wands
 c - a wand of digging (8)
Scrolls
 a - a scroll of vulnerability {unknown}
 d - a scroll of immolation {unknown}
 e - 2 scrolls of amnesia {unknown}
 j - a scroll of teleportation
 l - a scroll of silence {unknown}
 o - a scroll of fear {unknown}
 r - a scroll of identify
 s - a scroll of blinking {unknown}
Potions
 f - a potion of ambrosia
 h - a potion of resistance
 i - 2 potions of lignification
 m - a potion of magic
 p - a potion of flight
 q - a potion of degeneration {unknown}


   Skills:
 + Level 2.3 Fighting
 - Level 2.0 Dodging
 - Level 2.6 Stealth
 + Level 3.7 Spellcasting
 * Level 3.8 Conjurations
 - Level 1.0 Summonings
 - Level 1.0 Translocations
 + Level 1.4 Fire Magic
 + Level 2.0 Invocations


You had 7 spell levels left.
You knew the following spells:

 Your Spells              Type           Power      Damage    Failure   Level
a - Magic Dart            Conj           68%        1d6       3%          1
b - Sticky Flame          Conj/Fire      12%        2d4       45%         4

Your spell library contained the following spells:

 Spells                   Type           Power      Damage    Failure   Level
 Slow                     Hex            12%        N/A       16%         1
 Blink                    Tloc           14%        N/A       16%         2
 Call Imp                 Summ           7%         N/A       16%         2
 Conjure Flame            Conj/Fire      12%        6-21      16%         3
 Mephitic Cloud           Conj/Pois/Air  8%         N/A       26%         3
 Ignite Poison            Fire/Tmut/Pois 5%         N/A       36%         3


Dungeon Overview and Level Annotations

Branches:
Dungeon (5/15)
 Temple: D:4-7

Altars:
Nemelex Xobeh
Lugonu

Annotations:
D:4 3 runed translucent doors, Rawrzzor's ghost, amateur DrBr; Zzerr's ghost, amateur DENe; Zzerr's ghost, novice TrCj


Innate Abilities, Weirdness & Mutations

You cannot wear most types of armour.
You are amphibious.
You can wear up to eight rings at the same time.
Your skin changes colour to match your surroundings (Stealth+).
Your rubbery body absorbs attacks. (AC +1, EV +1)
((You are camouflaged when in or above water. (Stealth+)))
You have tentacles for arms and can constrict up to eight enemies at once.


Message History

You hit the ice beast.
The ice beast is heavily wounded.
The ice beast closely misses you.
You hit the ice beast but do no damage.
The ice beast is heavily wounded.
The ice beast hits you. The ice beast freezes you.
You hit the ice beast.
The ice beast is heavily wounded.
The ice beast hits you. The ice beast freezes you!
* * * LOW HITPOINT WARNING * * *
Casting: Magic Dart (safe; 3% risk of failure)
Confirm with . or Enter, or press ? or * to list all spells.
Aiming: Magic Dart (safe; 3% risk of failure)
Press: ? - help, Shift-Dir - straight line, f/p - ice beast
Aim: an ice beast (heavily wounded, 100% to hit)
The magic dart hits the ice beast.
The ice beast is severely wounded.
The ice beast hits you.
* * * LOW HITPOINT WARNING * * *
The ice beast freezes you!
* * * LOW HITPOINT WARNING * * *
Casting: Magic Dart (safe; 3% risk of failure)
Confirm with . or Enter, or press ? or * to list all spells.
Aiming: Magic Dart (safe; 3% risk of failure)
Press: ? - help, Shift-Dir - straight line, f/p - ice beast
Aim: an ice beast (severely wounded, 100% to hit)
The magic dart hits the ice beast.
The ice beast is severely wounded.
The ice beast misses you.
Casting: Magic Dart (safe; 3% risk of failure)
Confirm with . or Enter, or press ? or * to list all spells.
Aiming: Magic Dart (safe; 3% risk of failure)
Press: ? - help, Shift-Dir - straight line, f/p - ice beast
Aim: an ice beast (severely wounded, 100% to hit)
The magic dart hits the ice beast but does no damage.
The ice beast is severely wounded.
The ice beast hits you.
* * * LOW HITPOINT WARNING * * *
The ice beast freezes you.
You die...

##### ### #...# .... #...#
..... #...#
......####...#############
......'.Y@................
......##################..
..... #.. #### #.. #.. #..
#.. #.. ###


You could see an ice beast.

Vanquished Creatures
  2 ogres (D:4)
  A hound skeleton (D:4)
  2 adders
  A gnoll (D:1)
  An ufetubus (D:4)
  An adder skeleton (D:4)
  2 dart slugs
  An orc (D:5)
  5 bats
  6 endoplasms
  5 hobgoblins
  3 jackals (D:2)
  A quokka (D:2)
  5 ball pythons
  8 frilled lizards
  2 goblins
  5 kobolds
  5 rats
56 creatures vanquished.

Vanquished Creatures (others)
  5 plants (D:1)
  4 withered plants (D:4)
9 creatures vanquished.

Grand Total: 65 creatures vanquished

Notes
Turn   | Place    | Note
-------+----------+-------------------------------------------
     0 | D:1      | GordonOverkill the Octopode Hedge Wizard began the quest
                  | for the Orb.
     0 | D:1      | Reached XP level 1. HP: 11/11 MP: 4/4
   432 | D:1      | Found a faded altar of an unknown god.
   446 | D:1      | Reached XP level 2. HP: 16/18 MP: 6/6
   701 | D:1      | Reached skill level 1 in Fighting
  1074 | D:1      | Reached XP level 3. HP: 23/23 MP: 4/7
  1447 | D:1      | Prayed at the altar of an unknown god.
  1447 | D:1      | Became a worshipper of Lugonu the Unformed
  1447 | D:1      | Reached * piety under Lugonu
  1447 | D:1      | Reached ** piety under Lugonu
  2628 | D:3      | Identified the +5 ring mail of the Dropbear {Harm Will+
                  | Str-4}
  2835 | D:3      | Reached XP level 4. HP: 24/28 MP: 2/9
  3440 | D:4      | Found a runed translucent gate.
  3440 | D:4      | Found a runed translucent gate.
  3441 | D:4      | Found a runed translucent gate.
  3445 | D:4      | Reached skill level 1 in Invocations
  3626 | D:4      | Learned a level 4 spell: Sticky Flame
  3711 | D:4      | Noticed an ogre
  3871 | D:4      | Killed an ogre
  3872 | D:4      | Reached skill level 1 in Fire Magic
  3872 | D:4      | Reached XP level 5. HP: 15/34 MP: 4/10
  4055 | D:4      | Noticed Zzerr's ghost (novice TrCj)
  4055 | D:4      | Noticed Rawrzzor's ghost (amateur DrBr)
  4056 | D:4      | Noticed Zzerr's ghost (amateur DENe)
  4374 | D:4      | Noticed an ogre
  4936 | D:4      | Killed an ogre
  4937 | D:4      | Reached XP level 6. HP: 39/39 MP: 5/11
  5720 | D:5      | Entered Level 5 of the Dungeon
  5811 | D:5      | Found a sparkling altar of Nemelex Xobeh.
  5975 | D:5      | Noticed an ice beast
  5989 | D:5      | Slain by an ice beast

Illustrated notes

Levels and vault maps discovered:
D:1:      eino_arrival_water_cross, layout_basic,
          hellmonk_ecumenical_altar_run_dry, minmay_lizard_king
D:2:      layout_basic, chequers_serial_rivers_micro_d, nrook_uturn
D:3:      layout_loops_ring
D:4:      layout_cave_pods, gammafunk_ghost_cemetery
D:5:      layout_basic, nicolae_hepliaklqana_hippocampus,
          mainiacjoe_overflow_alcove_4, temple_green, chequers_mini_garden

Skill      XL: |  1  2  3  4  5 |
---------------+----------------+-----
Fighting       | 1 2 |  2.3
Conjurations   | 2 3 |  3.8
Invocations    | 1 2 |  2.0
Fire Magic     | 1 |  1.4
Dodging        | |  2.0
Stealth        | |  2.6
Spellcasting   | |  3.7
Summonings     | |  1.0
Translocations | |  1.0

Action                   |  1- 3 |  4- 6 || total
-------------------------+-------+-------++-------
Melee: Dagger            |     8 |       ||     8
       Tentacles         |     5 |     5 ||    10
       Constrict         |     5 |     2 ||     7
       Spear             |    17 |    14 ||    31
 Cast: Magic Dart        |    95 |    57 ||   152
  Use: Potion            |       |     3 ||     3
       Scroll            |       |     3 ||     3
 Stab: Sleeping          |     2 |       ||     2
Armor: Skin              |     5 |       ||     5
Dodge: Dodged            |    15 |    20 ||    35
